 Dungeon Crawl Stone Soup version 0.19-a0-1740-g0bcaf2e (webtiles) character file.

252 Alarkh the Grave Robber (level 5, 0/35 HPs)
             Began as a Mummy Necromancer on Oct 1, 2016.
             Slain by an orc wizard
             ... wielding a +0 dagger
              (5 damage)
             ... on level 3 of the Dungeon.
             The game lasted 00:03:48 (2105 turns).

Alarkh the Grave Robber (Mummy Necromancer)         Turns: 2105, Time: 00:03:48

Health: 0/35       AC:  5    Str: 11    XL:     5   Next: 89%
Magic:  12/20      EV: 11    Int: 20    God:
Gold:   135        SH:  0    Dex: 12    Spells: 2 memorised, 8 levels left

rFire  x . .     SeeInvis .     n - +0 trident
rCold  + . .     Gourm    .     h - -1 leather armour (curse)
rNeg   + + +     Faith    .     (no shield)
rPois  ∞         Spirit   .     f - +0 helmet
rElec  .         Dismiss  .     g - +0 cloak
rCorr  .         Reflect  .     i - +0 pair of gloves
MR     .....     Harm     .     (no boots)
Stlth  +.........               (no amulet)
                                o - +4 ring of intelligence
                                e - ring of magical power

@: no status effects
A: no food or potions, fire vulnerability, cold resistance 1, negative energy
resistance 3, torment resistance, unbreathing
a: no special abilities


You were on level 3 of the Dungeon.
You were not hungry.

You visited 1 branch of the dungeon, and saw 3 of its levels.

You collected 135 gold pieces.

Inventory:

Hand Weapons
 c - a +0 mace
 l - a +4 quarterstaff of chaos
 n - a +0 trident (weapon)
Armour
 a - a +0 robe
 f - a +0 helmet (worn)
 g - a +0 cloak (worn)
 h - a cursed -1 leather armour (worn)
 i - a +0 pair of gloves (worn)
Jewellery
 e - a ring of magical power (left hand)
 o - a +4 ring of intelligence (right hand)
Wands
 j - a wand of digging (16/24)
Scrolls
 d - a scroll of recharging
 k - a scroll of magic mapping
 m - a scroll of remove curse {unknown}
Books
 b - a book of Necromancy

   Spells                             Type                      Level
   a - Pain                           Necromancy                   1
   b - Animate Skeleton               Necromancy                   1
   c - Vampiric Draining              Necromancy                   3
   d - Regeneration                   Charms/Necromancy            3
   e - Animate Dead                   Necromancy                   4
   f - Control Undead                 Necromancy                   4


   Skills:
 - Level 1.5 Dodging
 - Level 1.5 Stealth
 + Level 4.3 Spellcasting
 + Level 5.7 Necromancy


You had 8 spell levels left.
You knew the following spells:

 Your Spells              Type           Power        Failure   Level  Hunger
a - Pain                  Necr           ####         1%          1    N/A
b - Vampiric Draining     Necr           ####......   6%          3    N/A

Dungeon Overview and Level Annotations

Branches:
Dungeon (3/15)

Altars:

Annotations:
D:3 Sigmund


Innate Abilities, Weirdness & Mutations

You do not eat or drink.
Your flesh is vulnerable to fire.
You are immune to poison.
Your flesh is cold resistant. (rC+)
You are immune to negative energy. (rN+++)
You are immune to unholy pain and torment.
You can survive without breathing.


Message History

Sigmund flickers and vanishes!
Deactivating autopickup; reactivate with Ctrl-A.
An orc wizard comes into view. It is wielding a dagger.
The orc wizard shouts!
Something hits you.
Items here: ( ) †† a hunting sling; 25 stones; a hobgoblin corpse; a goblin corpse The orc wizard hits you with a dagger.
You hear some strange, mumbled words.
A puff of flame appears from out of thin air!
The puff of flame misses you.
You see here a club.
The orc wizard hits you but does no damage.
Something hits you!
There is a stone staircase leading up here.
You see here a stone.
Something hits you.
* * * LOW HITPOINT WARNING * * *
The orc wizard hits you with a dagger.
You die...

#.......##.#....###
#....##.#.........#
#....##...........#
#....####.........#
#.................#
#..#)####.........####
#....r.......#####....
#...#o####...# #.##.
########.#@†......#
...##.
#......!.)..###...#
######.
#.................# #.
#............##.#.# #.
###...........(.....# #.
#####...............#.###
#####.
PPPPP.P.............#.#
#.....
P...P.P..........##.#
#.####
P.PPP.P..........##.. #.#


You could see an orc wizard and a rat.

Vanquished Creatures
  Crazy Yiuf (D:2)
  Natasha (thrice) (D:2)
  Terence (D:2)
  Robin (D:2)
  5 adders
  2 worms
  3 dart slugs
  An orc (D:3)
  A giant cockroach (D:2)
  15 goblins
  9 hobgoblins
  2 bats
  6 frilled lizards
  7 kobolds
  9 rats
  A fungus (D:2)
67 creatures vanquished.

Notes
Turn   | Place    | Note
-------+----------+-------------------------------------------
     0 | D:1      | Alarkh the Mummy Necromancer began the quest for the Orb.
     0 | D:1      | Reached XP level 1. HP: 13/13 MP: 3/3
   258 | D:1      | Reached XP level 2. HP: 19/19 MP: 4/5
   565 | D:2      | Reached XP level 3. HP: 8/24 MP: 7/7
   570 | D:2      | Learned a level 3 spell: Vampiric Draining
   665 | D:2      | Noticed Terence
   766 | D:2      | Killed Terence
   790 | D:2      | Reached XP level 4. HP: 30/30 MP: 5/8
  1144 | D:2      | Noticed Natasha
  1152 | D:2      | Killed Natasha
  1152 | D:2      | Reached skill level 5 in Necromancy
  1286 | D:2      | Noticed Natasha
  1292 | D:2      | Killed Natasha
  1292 | D:2      | Reached XP level 5. HP: 22/35 MP: 6/10
  1310 | D:2      | Noticed Natasha
  1327 | D:2      | Killed Natasha
  1619 | D:2      | Found a runed door.
  1623 | D:2      | Noticed Crazy Yiuf
  1632 | D:2      | Killed Crazy Yiuf
  1826 | D:3      | Noticed Robin
  2041 | D:2      | Killed Robin
  2080 | D:3      | Noticed Sigmund
  2105 | D:3      | Slain by an orc wizard

Vault maps used:
D:1:      dpeg_arrival_court
D:2:      serial_bayou_crossing, uniq_terence, uniq_crazy_yiuf_cottage,
          uniq_natasha
D:3:      grunt_ministairs_7, minmay_hedge_maze, uniq_grinder, uniq_robin,
          uniq_sigmund

Skill      XL: |  1  2  3  4  5 |
---------------+----------------+-----
Spellcasting   | 3 4 |  4.3
Necromancy     | 5 |  5.7
Dodging        | |  1.5
Stealth        | |  1.5

Action                   |  1- 3 |  4- 6 || total
-------------------------+-------+-------++-------
Melee: Mace              |     1 |    29 ||    30
       Unarmed           |     1 |       ||     1
 Cast: Pain              |    56 |   101 ||   157
       Vampiric Draining |       |     2 ||     2
  Use: Scroll            |     1 |     1 ||     2
 Stab: Sleeping          |     1 |       ||     1
Armor: Robe              |     1 |       ||     1
       Leather armour    |     2 |    21 ||    23
Dodge: Dodged            |    10 |    33 ||    43
